 Dungeon Crawl Stone Soup version 0.27.0-1-g7a089689b8 (webtiles) character file.

Game seed: 12552609598720902211

9419 robertstho the Thaumaturge (level 11, 0/78 HPs)
             Began as a Djinni Fire Elementalist on Aug 17, 2021.
             Was an Initiate of Gozag.
             Slain by a death yak (17 damage)
             ... on level 9 of the Dungeon.
             The game lasted 00:20:59 (14634 turns).

robertstho the Thaumaturge (DjFE)                  Turns: 14634, Time: 00:21:00

Health: 0/78       AC:  9    Str:  9    XL:     11   Next: 74%
Gold:   432        EV: 13    Int: 21    God:    Gozag SH:  5 Dex: 13

rFire    + + +     SeeInvis .   u - +4 short sword of Skirmishing {protect, rElec rF+ Str+2}
rCold    . . .     Faith    .   (no shield)
rNeg     . . .     Spirit   .   a - +1 robe
rPois    ∞         Reflect  +   (helmet restricted)
rElec    +         Harm     .   p - +0 cloak
rCorr    +         Rampage  .   q - +0 pair of gloves
Will     +....                  (boots unavailable)
Stlth    +++.......             t - amulet of reflection
HPRegen  0.23/turn              l - +4 ring of protection
MPRegen  0.00/turn              x - ring of Gomyefen {rC+ rCorr}

@: unable to read, gold aura, flying
A: sickness immunity, fire resistance 2, cold vulnerability 1, float, innate
caster, hp casting, extra vitality 1, horns 1, inability to read while
threatened
a: Renounce Religion, Potion Petition, Call Merchant, Bribe Branch


You were on level 9 of the Dungeon.
You worshipped Gozag.
Gozag was aware of your devotion.
You visited 2 branches of the dungeon, and saw 10 of its levels.
You also visited: Bailey.

You collected 1313 gold pieces.
You spent 768 gold pieces at shops.
You paid 113 gold pieces to Gozag.

Inventory:

Hand Weapons
 u - the +4 short sword of Skirmishing (weapon) {protect, rElec rF+ Str+2}
   (You found it on level 4 of the Dungeon)

   It grants its wielder temporary protection when it strikes (+7 to AC).
   Str:       It affects your strength (+2).
   rF:        It protects you from fire.
   rElec:     It insulates you from electricity.
Armour
 a - a +1 robe (worn)
 d - the +0 crystal plate armour of Mirth {Int+8}
   (You found it in a bailey)

   Int:       It affects your intelligence (+8).
 p - a +0 cloak (worn)
 q - a +0 pair of gloves (worn)
Jewellery
 e - a ring of fire
 i - a +6 ring of strength
 l - a +4 ring of protection (left hand)
 m - a +4 ring of protection
 t - an amulet of reflection (around neck)
 x - the ring of Gomyefen (right hand) {rC+ rCorr}
   (You bought it in a shop on level 9 of the Dungeon)

   [ring of resist corrosion]

   rC:        It protects you from cold.
   rCorr:     It protects you from acid and corrosion.
 B - a ring of willpower
 D - a +6 ring of dexterity
 E - an amulet of the acrobat
Wands
 w - a wand of iceblast (5)
 y - a wand of acid (12)
Scrolls
 f - 2 scrolls of enchant armour
 h - a scroll of torment
 k - a scroll of summoning {unknown}
 n - 4 scrolls of fog
 r - a scroll of teleportation
 s - 2 scrolls of enchant weapon
 v - 2 scrolls of blinking
 C - a scroll of silence
 F - a scroll of immolation
 H - 2 scrolls of fear {unknown}
Potions
 b - a potion of attraction {unknown}
 c - 2 potions of invisibility {unknown}
 g - 4 potions of curing
 j - 2 potions of haste {unknown}
 o - 2 potions of brilliance
 z - a potion of ambrosia {unknown}
 A - a potion of might
 G - a potion of cancellation {unknown}


   Skills:
 * Level 6.4 Fighting
 + Level 4.1 Short Blades
 + Level 5.0 Dodging
 + Level 4.3 Stealth
 * Level 11.3 Spellcasting
 + Level 0.6 Evocations


You had 3 spell levels left.
You knew the following spells:

 Your Spells              Type           Power      Damage    Failure   Level
a - Foxfire               Conj/Fire      100%       2x1d9     1%          1
b - Conjure Flame         Conj/Fire      56%        6-21      1%          3
c - Inner Flame           Hex/Fire       56%        N/A       1%          3
d - Sticky Flame          Conj/Fire      56%        2d7       1%          4
e - Fireball              Conj/Fire      28%        3d12      1%          5
f - Summon Small Mammal   Summ           100%       N/A       1%          1
g - Static Discharge      Conj/Air       56%        N/A       1%          2
h - Portal Projectile     Hex/Tloc       100%       N/A       1%          3
i - Vampiric Draining     Necr           28%        2d10      1%          3
j - Ice Form              Ice/Tmut       56%        N/A       1%          4
Your spell library was empty.

Dungeon Overview and Level Annotations

Branches:
Dungeon (9/15)             Temple (1/1) D:6            Lair (0/6) D:9
    Orc (0/2) D:9          Bailey (visited)

Altars:
Cheibriados
Dithmenos
Elyvilon
Fedhas
Gozag
Hepliaklqana
Makhleb
Nemelex Xobeh
Okawaru
Qazlal
Ru
Sif Muna
Trog
Uskayaw
Vehumet
Wu Jian
Xom
Yredelemnul
Zin
The Shining One

Shops:
D:9 =

Annotations:
D:5 2 runed translucent doors
D:8 1 runed translucent door, Loskel's ghost, novice GnMo
D:9 2 transporters, AlmostDecent's ghost, novice DsFi


Innate Abilities, Weirdness & Mutations

You are immune to sickness and miasma.
You are immune to poison.
Your flesh is very heat resistant. (rF++)
You are vulnerable to cold. (rC-)
You float through the air rather than walking.
You learn spells naturally, not from books.
Your magical power is your life essence.
You have superior vitality. (+4 HP)
You have a pair of small horns on your head.
You sometimes lose the ability to read scrolls when taking damage.


Message History

Confirm with . or Enter, or press ? or * to list all spells.
The death yak is struck by an arc of lightning!
The death yak is severely wounded.
You resist.
You are struck by an arc of lightning.
The death yak is struck by an arc of lightning.
The death yak is severely wounded.
The lightning grounds out.
The death yak burns!
The death yak gores you but does no damage.
Casting: Static Discharge (safe; 1% risk of failure)
Confirm with . or Enter, or press ? or * to list all spells.
Aiming: Sticky Flame (mildly dangerous; 1% risk of failure)
Press: ? - help, Shift-Dir - straight line, f - death yak, p - death yak
Aim: a death yak (flame, lightly wounded, 100% to hit)
The sticky flame hits the death yak but does no damage.
The death yak is lightly wounded.
The death yak is covered in liquid flames!
* * * LOW HITPOINT WARNING * * *
The death yak burns! x2; The death yak stops burning.
The two-headed ogre is no longer distracted by gold.
The death yak is engulfed in blazing flames.
The death yak completely misses you.
The two-headed ogre is distracted by your dazzling golden aura.
The death yak gores you.
* * * LOW HITPOINT WARNING * * *
You can read scrolls again.
The death yak burns!
The death yak is engulfed in blazing flames.
The death yak gores you!
You feel threatened and lose the ability to read scrolls!
* * * LOW HITPOINT WARNING * * *
You cannot read scrolls in your current state!
You feel better.
The death yak burns!
The death yak closely misses you. You block the death yak's attack.
The death yak burns!
The death yak stops burning.
There is a transporter landing site here.
You feel better.
The two-headed ogre is no longer distracted by gold.
The death yak gores you!
You die...
Your body crumbles into a pile of gold.

#.# #....####********* #.# #.#
##....#..,..©..,..* #.# #.##
#.....#..##...##..# #.#
#..###.###.#.#..#.#..#.#######.##
.#.#8#.# #.#.#..#.#..#.#.........
##.#∩#.# #.#..##...##..###.###.##
#.#.8.# #.#....OOWOO.©###.# #.##
#.#.#.# #.###############.# #.##
#.8.#.# #......@Y©.....##.###.##
##.#.#.# #.#.###.Y$#........##.##
.#.#.8.# #.#.# ##..#.####..)...##
.#.#.#.# #.#.#####.#.# #...#..#.
.#.8.#.# #.#...# #...# ##.##...#
.#.#.#.# #.#.#.# ###.# #.##..##
.###'### #.#...# #.#####.##..##
.##..# #.##.## #...<...##..#.
.##.######.##.# ####..........


You could see 2 death yaks, 2 two-headed ogres, 2 ogres and AlmostDecent's
ghost.

Vanquished Creatures
  A two-headed ogre (D:9)
  5 death yaks
  An orc knight (Bailey)
  A shadow (D:9)
  Sigmund (D:2)
  3 yaks (D:9)
  2 steam dragons (D:8)
  3 water moccasins
  A swamp drake (D:9)
  11 orc warriors
  A black bear (D:6)
  An ice beast (D:6)
  3 ogres
  3 centaurs
  2 kobold brigands (D:9)
  A scorpion (D:7)
  2 bullfrogs
  A water moccasin skeleton (D:5)
  12 wights (D:8)
  5 killer bees (D:8)
  2 bullfrog zombies
  A centaur zombie (D:8)
  Crazy Yiuf (D:3)
  A gnoll shaman (D:8)
  2 jellies
  A bullfrog skeleton (D:7)
  A centaur skeleton (D:6)
  2 hounds
  6 orc priests
  Natasha (thrice) (D:2)
  4 iguanas
  2 orc wizards (D:9)
  A killer bee zombie (D:6)
  A mummy (D:5)
  4 gnolls
  9 adders
  2 howler monkey skeletons
  2 white imps
  An ufetubus (D:6)
  An adder skeleton (D:3)
  2 dart slugs
  40 orcs
  6 endoplasms
  A giant cockroach (D:3)
  10 goblins
  5 hobgoblins
  8 jackals
  5 quokkas
  8 ball pythons
  8 bats
  4 frilled lizards
  A hobgoblin zombie (D:5)
  7 kobolds
  2 kobold zombies (D:5)
  An orc zombie (D:5)
  5 rats
220 creatures vanquished.

Vanquished Creatures (others)
  637 foxfires
  2 fungi (D:8)
  4 plants (D:8)
643 creatures vanquished.

Grand Total: 863 creatures vanquished

Notes
Turn   | Place    | Note
-------+----------+-------------------------------------------
     0 | D:1      | robertstho the Djinni Fire Elementalist began the quest for
                  | the Orb.
     0 | D:1      | Reached XP level 1. HP: 15/15 MP: 0/0
   380 | D:1      | Reached XP level 2. HP: 19/21 MP: 0/0
   548 | D:1      | Found a faded altar of an unknown god.
  1338 | D:2      | Reached skill level 3 in Spellcasting
  1338 | D:2      | Reached XP level 3. HP: 21/26 MP: 0/0
  1338 | D:2      | Learned a level 1 spell: Summon Small Mammal
  1598 | D:2      | Gained mutation: You have a pair of small horns on your
                  | head. [potion of mutation]
  1598 | D:2      | Gained mutation: You sometimes lose the ability to read
                  | scrolls when taking damage. [potion of mutation]
  2214 | D:2      | Noticed Natasha
  2222 | D:2      | Killed Natasha
  2223 | D:2      | Reached XP level 4. HP: 25/31 MP: 0/0
  2372 | D:2      | Noticed Natasha
  2379 | D:2      | Killed Natasha
  2380 | D:2      | Reached skill level 1 in Fighting
  2747 | D:2      | Noticed Sigmund
  2761 | D:2      | Killed Sigmund
  2762 | D:2      | Reached skill level 4 in Spellcasting
  2762 | D:2      | Reached XP level 5. HP: 19/37 MP: 0/0
  2762 | D:2      | Learned a level 2 spell: Static Discharge
  2762 | D:2      | Reached XP level 6. HP: 22/42 MP: 0/0
  3096 | D:2      | Noticed Natasha
  3110 | D:2      | Killed Natasha
  3972 | D:3      | Reached skill level 5 in Spellcasting
  4066 | D:3      | Found a runed translucent door.
  4067 | D:3      | Noticed Crazy Yiuf
  4297 | D:3      | Found a white marble altar of Elyvilon.
  4668 | D:3      | Reached XP level 7. HP: 45/48 MP: 0/0
  4668 | D:3      | Learned a level 3 spell: Portal Projectile
  4919 | D:3      | Found a shimmering altar of Xom.
  4921 | D:3      | Found an ornate altar of the Wu Jian Council.
  4921 | D:3      | Found a stormy altar of Qazlal.
  4937 | D:3      | Found a white marble altar of Elyvilon.
  4937 | D:3      | Found an opulent altar of Gozag.
  5019 | D:3      | Killed Crazy Yiuf
  5810 | D:4      | Found a sacrificial altar of Ru.
  6156 | D:4      | Found a shadowy altar of Dithmenos.
  6322 | D:4      | Identified the +4 short sword of Skirmishing {protect,
                  | rElec rF+ Str+2}
  6358 | D:5      | Entered Level 5 of the Dungeon
  6545 | D:5      | Found a runed translucent door.
  6550 | D:5      | Found a runed translucent door.
  6550 | D:5      | Noticed a vampire mosquito
  6591 | D:5      | Found an ornate altar of the Wu Jian Council.
  6779 | D:5      | Found a hide-covered altar of Uskayaw.
  6819 | D:5      | Reached skill level 1 in Short Blades
  6822 | D:5      | Noticed a water moccasin
  6830 | D:5      | Killed a water moccasin
  6831 | D:5      | Reached XP level 8. HP: 29/56 MP: 0/0
  7503 | D:6      | Reached skill level 6 in Spellcasting
  7532 | D:6      | Found a hazy altar of Hepliaklqana.
  8179 | D:6      | Found a staircase to the Ecumenical Temple.
  8187 | D:6      | Reached XP level 9. HP: 57/62 MP: 0/0
  8187 | D:6      | Learned a level 3 spell: Vampiric Draining
  8193 | Temple   | Entered the Ecumenical Temple
  8326 | Temple   | Became a worshipper of Gozag Ym Sagoz the Greedy
  8357 | D:6      | Found a sparkling altar of Nemelex Xobeh.
  8990 | D:7      | Found a stormy altar of Qazlal.
  9902 | D:8      | Reached skill level 7 in Spellcasting
 10384 | D:8      | Reached skill level 8 in Spellcasting
 10402 | D:8      | Reached XP level 10. HP: 17/69 MP: 0/0
 10872 | D:8      | Found a runed translucent door.
 10879 | D:8      | Noticed Loskel's ghost (novice GnMo)
 10879 | D:8      | Identified the +5 trident of Wrongful Imprisonment {spect,
                  | Stlth+}
 11389 | D:9      | Found a transporter.
 11396 | D:9      | Found a transporter.
 11396 | D:9      | Noticed a two-headed ogre
 11396 | D:9      | Noticed AlmostDecent's ghost (novice DsFi)
 11402 | D:9      | Identified the +5 dire flail of Sisoynge {drain, rElec}
 11402 | D:9      | Noticed a two-headed ogre
 11450 | D:9      | Found Plog's Jewellery Shoppe.
 11496 | D:9      | Found a flagged portal.
 11505 | Bailey   | Entered a bailey
 11511 | Bailey   | Reached skill level 5 in Fighting
 11518 | Bailey   | Noticed an orc knight
 11528 | Bailey   | Killed an orc knight
 11529 | Bailey   | Reached skill level 9 in Spellcasting
 11796 | Bailey   | Identified the +0 crystal plate armour of Mirth {Int+8}
 11868 | D:9      | Noticed a death yak
 11868 | D:9      | Noticed a death yak
 11868 | D:9      | Noticed a death yak
 11869 | D:9      | Noticed a death yak
 11869 | D:9      | Noticed a death yak
 11876 | D:9      | Noticed a death yak
 11876 | D:9      | Killed a death yak
 11878 | D:9      | Noticed a death yak
 11879 | D:9      | Killed a death yak
 11880 | D:9      | Reached XP level 11. HP: 32/76 MP: 0/0
 11880 | D:9      | Learned a level 4 spell: Ice Form
 12309 | D:9      | Reached skill level 10 in Spellcasting
 12840 | D:9      | Noticed a two-headed ogre
 12843 | D:9      | Killed a two-headed ogre
 12844 | D:9      | Reached skill level 5 in Dodging
 13143 | D:9      | Bought an amulet of reflection for 360 gold pieces
 13143 | D:9      | Bought the ring of Gomyefen {rC+ rCorr} for 408 gold pieces
 13409 | D:9      | Found a staircase to the Orcish Mines.
 13454 | D:9      | Found a snail-covered altar of Cheibriados.
 13674 | D:9      | Killed a death yak
 13718 | D:8      | Killed a death yak
 13719 | D:8      | Reached skill level 11 in Spellcasting
 14037 | D:9      | Found a staircase to the Lair.
 14626 | D:9      | Killed a death yak
 14631 | D:9      | HP: 3/78 [death yak (16)]
 14634 | D:9      | Slain by a death yak

Illustrated notes

Levels and vault maps discovered:
D:1:      psy_arrival_radial02, layout_basic,
          shapermc_ecumenical_altar_mp_highgroup
D:2:      minmay_chambers_of_twos, layout_basic, serial_curves, eino_curves_01,
          eino_curves_01, minmay_misc_feat_five, uniq_natasha, uniq_sigmund
D:3:      layout_loops_ring, doesnt_xom_only_xom, mainiacjoe_overflow_alcove_1,
          serial_co_window_serial, co_window_paths_b, co_window_corner_a,
          co_window_paths_a, co_window_paths_b, co_window_paths_a,
          co_window_of_opportunity_b, co_window_2corner, co_window_corner_ca,
          co_window_paths_c, co_window_unsneaky_path_a, co_window_corner_cb,
          co_window_paths_c, glass_columns_a, uniq_crazy_yiuf_cottage
D:4:      layout_loops_ring, nicolae_dithmenos_through_a_glass_darkly,
          amcnicky_altar_gilded
D:5:      lemuel_insect_pit, layout_basic, mainiacjoe_overflow_alcove_2,
          lemuel_round_altar, minmay_mini_ossuary
D:6:      layout_layer_cave, mainiacjoe_overflow_six_doors_small,
          nemelex_diamond_rough_becter, minmay_temple_entry_antechambers
D:7:      layout_basic, mainiacjoe_overflow_paths, lemuel_tele_altar,
          serial_curves, eino_curves_02, eino_curves_03
D:8:      layout_layer_cave, ebering_ghost_funeral_grove
D:9:      layout_loops_ring, marbit_many_paths, dpeg_lair_monsters, erik_orc_1,
          enter_bailey_8, gammafunk_ghost_smash, amcnicky_mini_pool_small,
          nicolae_stop_n_shop_1, billiards_dpeg
Temple:   nicolae_temple_figure_zero

Skill      XL: |  1  2  3  4  5  6  7  8  9 10 11 |
---------------+----------------------------------+-----
Spellcasting   | 3 4 5 6 8 9 11 | 11.3
Fighting       | 1 3 4 5 6 |  6.4
Stealth        | 2 3 4 |  4.3
Dodging        | 3 4 5 |  5.0
Short Blades   | 1 3 4 |  4.1
Evocations     | |  0.6

Action                   |  1- 3 |  4- 6 |  7- 9 | 10-12 || total
-------------------------+-------+-------+-------+-------++-------
Melee: Dagger            |     7 |    17 |     3 |       ||    27
       Headbutt          |       |     2 |    20 |     3 ||    25
       Short sword       |       |       |   113 |    11 ||   124
 Cast: Foxfire           |    81 |    94 |   202 |     9 ||   386
       Sticky Flame      |       |     2 |    17 |    13 ||    32
       Fireball          |       |       |     5 |    81 ||    86
       Conjure Flame     |       |       |       |     2 ||     2
       Static Discharge  |       |       |       |     5 ||     5
Evoke: Wand              |       |       |       |     2 ||     2
  Use: Potion            |     4 |       |       |     4 ||     8
       Scroll            |       |     5 |     7 |     3 ||    15
 Stab: Sleeping          |       |       |     8 |       ||     8
Armor: Robe              |     4 |    19 |    62 |    11 ||    96
Dodge: Dodged            |    22 |    20 |   106 |    19 ||   167
Block: Other             |       |       |       |     1 ||     1
